 Dungeon Crawl Stone Soup version 0.31.0-32-g396128a36d (webtiles) character file.

Game seed: 6038834969148207752

17083 Curundu the Cleaver (level 12, -13/102 (106) HPs)
             Began as a Minotaur Berserker on Mar 18, 2024.
             Was an Elder of Trog.
             Killed from afar by a gargoyle (25 damage)
             ... with a stone arrow
             ... on level 12 of the Dungeon.
             The game lasted 00:28:00 (9281 turns).

Curundu the Cleaver (Minotaur Berserker)            Turns: 9281, Time: 00:28:01

HP:   -13/102 (106) AC: 24    Str: 27    XL:     12   Next: 15%
MP:   11/11         EV: 12    Int:  4    God:    Trog [****..]
Gold: 646           SH:  8    Dex: 12    Spells: 11/11 levels left

rFire   . . .        E - +3 war axe (flame)
rCold   . . .        q - +2 buckler
rNeg    + . .        r - +0 storm dragon scales
rPois   .            (helmet restricted)
rElec   +            i - +2 cloak
rCorr   +            (no gloves)
SInv    .            J - +0 pair of boots of Lapn {rN+ rCorr Str+2}
Will    .....        (no amulet) Stlth
                     p - +4 ring of slaying
HPRegen 0.37/turn    y - +4 ring of protection
MPRegen 0.12/turn

%: no passive effects
@: marked, on berserk cooldown, slowed, lightly drained, very slow
A: horns 2, retaliatory headbutt
a: Renounce Religion, Berserk, Trog's Hand, Brothers in Arms


You were on level 12 of the Dungeon.
You worshipped Trog.
Trog was greatly pleased with you.
You visited 1 branch of the dungeon, and saw 12 of its levels.

You collected 646 gold pieces.

Inventory:

Hand Weapons
 E - a +3 war axe of flaming (weapon)
Missiles
 j - 3 throwing nets
 G - 7 boomerangs (quivered)
Armour
 i - a +2 cloak (worn)
 q - a +2 buckler (worn)
 r - +0 storm dragon scales (worn)
 J - the +0 pair of boots of Lapn (worn) {rN+ rCorr Str+2}
   (You acquired it on level 11 of the Dungeon)

   Str+2:     It affects your strength (+2).
   rN+:       It protects you from negative energy.
   rCorr:     It protects you from acid and corrosion.
Jewellery
 c - a ring of see invisible
 o - a ring of resist corrosion
 p - a +4 ring of slaying (left hand)
 s - a ring of protection from cold
 u - a ring of flight
 w - an amulet of the acrobat
 y - a +4 ring of protection (right hand)
 N - a ring of protection from fire
Wands
 C - a wand of flame (14)
Scrolls
 b - 3 scrolls of identify
 e - 2 scrolls of brand weapon
 f - 3 scrolls of fog
 k - 2 scrolls of enchant armour
 n - 2 scrolls of amnesia
 x - 3 scrolls of teleportation
 B - a scroll of fear
 H - 2 scrolls of enchant weapon
Potions
 a - 7 potions of curing
 d - 2 potions of degeneration {unknown}
 g - 2 potions of resistance
 h - a potion of invisibility {unknown}
 l - 3 potions of magic
 m - a potion of cancellation {unknown}
 t - 2 potions of heal wounds
 v - a potion of ambrosia {unknown}
 z - 2 potions of haste {unknown}
 A - 2 potions of might {unknown}
 D - 3 potions of mutation
 F - a potion of attraction {unknown}
 I - a potion of lignification {unknown}
 K - a potion of brilliance {unknown}


   Skills:
 + Level 9.8 Fighting
 + Level 14.6 Axes
 * Level 11.5 Armour
 * Level 8.8 Dodging
 - Level 2.2 Stealth
 * Level 8.4 Shields


You had 11 spell levels left.
You didn't know any spells.
Your spell library was empty.

Dungeon Overview and Level Annotations

Branches:
Dungeon (12/15)            Temple (0/1) D:5            Lair (0/5) D:9
    Orc: D:9-12

Altars:
Ashenzari
Elyvilon
Gozag
Nemelex Xobeh
Ru
Uskayaw
Vehumet
Wu Jian
Zin

Shops:
D:2 [

Annotations:
D:12 Fannar


Innate Abilities, Weirdness & Mutations

You have a pair of horns on your head.
You reflexively headbutt those who attack you in melee.


Message History

The gargoyle hits you with a +0 flail of draining.
* * * LOW HITPOINT WARNING * * *
You partially resist.
You feel drained.
* * * LOW HITPOINT WARNING * * *
The troll bites you but does no damage. You block the troll's attack.
The troll claws you but does no damage.
Fannar hits you with a +0 quarterstaff of freezing.
* * * LOW HITPOINT WARNING * * *
Fannar freezes you.
* * * LOW HITPOINT WARNING * * *
The kobold demonologist gestures wildly while chanting.
The deep elf pyromancer gestures wildly while chanting.
The deep elf pyromancer blinks!
The crimson imp lashes its tail.
You block Fannar's attack. The troll bites you but does no damage.
The troll barely misses you. The troll claws you but does no damage.
The kobold demonologist gestures wildly while chanting.
The gargoyle hurls a stone arrow at you.
The stone arrow misses you.
The stone arrow hits the troll!
You closely miss the troll.
The troll is heavily wounded.
You hit the gargoyle but do no damage. You hit Fannar. You burn Fannar.
You block the troll's attack. The troll claws you but does no damage.
You block the troll's attack.
The kobold demonologist gestures wildly while chanting.
Fannar gestures wildly while chanting.
The gargoyle hits you with a +0 flail of draining!
* * * LOW HITPOINT WARNING * * *
You partially resist.
You feel drained.
* * * LOW HITPOINT WARNING * * *
The kobold demonologist casts a spell.
You slice the troll!! You burn the troll.
You kill the troll!
Trog accepts your kill.
The troll leather armour is intact enough to wear.
You hit the gargoyle. You burn the gargoyle. You hit Fannar but do no damage.
The crimson imp blinks!
The gargoyle hurls a stone arrow at you.
The stone arrow hits you!!
You die...

#####+#########5#
.......l[@93EK.D.
#.<.....##eK4§##.
#.......##4##355.
#.......##Y# ##.
#.......##†#
#.<.....##.#
........##<#
##########.# #.#


You could see a fire dragon, Fannar, a hellwing (summoned), 2 kobold
demonologists, a sixfirhy (summoned), a basilisk, a fire elemental (summoned), a
neqoxec (summoned), a chaos spawn (summoned), a gargoyle, an ice beast
(summoned), an iron imp (summoned), a white imp (summoned) and a shadow imp
(summoned).

Vanquished Creatures
  A stone giant (D:12)
  A tengu warrior (D:8)
  6 two-headed ogres
  A deep elf pyromancer (D:8)
  A manticore (D:12)
  2 cyclopes
  An orc sorcerer (D:12)
  The ghost of spaghetti the Sneak, a novice NaSu of Uskayaw (D:5)
  A gargoyle (D:11)
  Maggie (D:6)
  A cane toad (shapeshifter) (D:8)
  A rime drake (D:9)
  Jeremiah (D:6)
  4 trolls
  A polar bear (D:9)
  A shadow (D:10)
  Sigmund (D:5)
  2 wyverns
  12 yaks
  Grum (D:11)
  2 steam dragons
  2 vampire mosquitoes (D:10)
  Menkaure (D:5)
  4 acid dragons
  4 ice beasts
  2 black bears
  A laughing skull (D:8)
  4 orc warriors
  2 ogres
  5 wolves
  2 centaurs (D:9)
  3 bullfrogs
  A kobold brigand (D:11)
  Blork the orc (D:4)
  2 scorpions
  2 gnoll sergeants
  7 wights
  5 electric eels (D:10)
  2 bombardier beetles
  3 howler monkeys (D:11)
  7 hounds
  6 orc priests
  Crazy Yiuf (D:2)
  A gnoll bouda (D:7)
  2 iguanas
  A sleepcap (D:4)
  11 orc wizards
  19 gnolls
  5 adders
  A river rat (D:5)
  2 shadow imps
  4 white imps
  A dart slug (D:2)
  2 ribbon worms
  42 orcs
  4 endoplasms
  4 giant cockroaches
  6 goblins
  7 hobgoblins
  6 jackals
  7 kobolds
  4 quokkas
  4 ball pythons
  A frilled lizard (D:2)
  7 rats
251 creatures vanquished.

Notes
Turn   | Place    | Note
-------+----------+-------------------------------------------
     0 | D:1      | Curundu the Minotaur Berserker began the quest for the Orb.
     0 | D:1      | Reached XP level 1. HP: 19/19 MP: 0/0
   183 | D:1      | Found a faded altar of an unknown god.
   226 | D:1      | Reached XP level 2. HP: 27/27 MP: 1/1
   482 | D:1      | Reached skill level 4 in Axes
   704 | D:2      | Found a runed translucent door.
   705 | D:2      | Noticed Crazy Yiuf
   711 | D:2      | Killed Crazy Yiuf
   712 | D:2      | Reached XP level 3. HP: 25/34 MP: 2/2
   828 | D:2      | Reached ** piety under Trog
   840 | D:2      | Reached skill level 5 in Axes
   864 | D:2      | Reached XP level 4. HP: 41/41 MP: 3/3
   891 | D:2      | Found Lifil's Armour Emporium.
  2153 | D:3      | Reached skill level 1 in Stealth
  2153 | D:3      | Reached XP level 5. HP: 43/47 MP: 4/4
  2424 | D:4      | Found an opulent altar of Gozag.
  2462 | D:4      | Found an ornate altar of the Wu Jian Council.
  2495 | D:4      | Noticed an ogre
  2503 | D:4      | Killed an ogre
  2504 | D:4      | Reached skill level 5 in Fighting
  2504 | D:4      | Reached skill level 6 in Axes
  2504 | D:4      | Reached XP level 6. HP: 40/56 MP: 5/5
  2702 | D:4      | Noticed Blork the orc
  2706 | D:4      | Killed Blork the orc
  2722 | D:5      | Entered Level 5 of the Dungeon
  2751 | D:5      | Found a radiant altar of Vehumet.
  2769 | D:5      | Found a runed translucent door.
  2789 | D:5      | Found a runed translucent door.
  2790 | D:5      | Noticed spaghetti's ghost (novice NaSu)
  2815 | D:5      | Reached skill level 7 in Axes
  2815 | D:5      | Reached XP level 7. HP: 61/61 MP: 6/6
  2825 | D:5      | Killed spaghetti's ghost
  2826 | D:5      | Reached skill level 8 in Axes
  2880 | D:5      | Reached skill level 1 in Shields
  3022 | D:5      | Found a staircase to the Ecumenical Temple.
  3122 | D:5      | Reached XP level 8. HP: 67/70 MP: 7/7
  3221 | D:5      | Noticed Menkaure
  3224 | D:5      | Noticed Sigmund
  3228 | D:5      | Killed Menkaure
  3229 | D:5      | Reached skill level 9 in Axes
  3234 | D:5      | Killed Sigmund
  3462 | D:6      | Reached *** piety under Trog
  3463 | D:6      | Reached skill level 5 in Armour
  3499 | D:6      | Reached skill level 10 in Axes
  3714 | D:6      | Reached XP level 9. HP: 78/78 MP: 8/8
  3767 | D:6      | Noticed Jeremiah
  3767 | D:6      | Noticed Maggie
  3790 | D:6      | Killed Maggie
  3791 | D:6      | Reached skill level 5 in Dodging
  3814 | D:6      | Killed Jeremiah
  4237 | D:6      | Reached skill level 11 in Axes
  4515 | D:7      | Identified the +1 robe of the Arcane {rPois Archmagi}
  4773 | D:7      | Found a sparkling altar of Nemelex Xobeh.
  4876 | D:7      | Found a white marble altar of Elyvilon.
  5066 | D:8      | Noticed a cyclops
  5078 | D:8      | Killed a cyclops
  5079 | D:8      | Reached XP level 10. HP: 62/86 MP: 9/9
  5082 | D:8      | Reached skill level 5 in Shields
  5367 | D:8      | Reached **** piety under Trog
  5395 | D:8      | Reached skill level 12 in Axes
  5595 | D:8      | Found a broken altar of Ashenzari.
  5595 | D:8      | Found a sacrificial altar of Ru.
  5650 | D:8      | Noticed a tengu warrior
  5650 | D:8      | Noticed a two-headed ogre
  5662 | D:8      | Killed a two-headed ogre
  5668 | D:8      | Noticed a cane toad
  5673 | D:8      | Killed a tengu warrior
  5678 | D:8      | Killed a cane toad
  6069 | D:8      | Identified the +10 longbow "Qihi" {drain, Fly rN+ Will+}
  6187 | D:8      | Noticed a deep elf pyromancer
  6198 | D:8      | Killed a deep elf pyromancer
  6605 | D:9      | Found a glowing silver altar of Zin.
  6829 | D:9      | Noticed a two-headed ogre
  6833 | D:9      | Reached skill level 13 in Axes
  6836 | D:9      | Killed a two-headed ogre
  6840 | D:9      | Reached XP level 11. HP: 74/95 MP: 10/10
  6983 | D:9      | Found a staircase to the Lair.
  7104 | D:9      | Noticed a two-headed ogre
  7109 | D:9      | Killed a two-headed ogre
  7460 | D:10     | Entered Level 10 of the Dungeon
  7495 | D:10     | Noticed a two-headed ogre
  7509 | D:10     | Killed a two-headed ogre
  7672 | D:10     | Found a hide-covered altar of Uskayaw.
  7674 | D:10     | Noticed a two-headed ogre
  7687 | D:10     | Killed a two-headed ogre
  7688 | D:10     | Reached skill level 10 in Armour
  7822 | D:10     | Identified the +0 robe "Cauxt" {Fly rPois}
  8606 | D:11     | Reached skill level 14 in Axes
  8728 | D:11     | Noticed Grum
  8738 | D:11     | Killed Grum
  8754 | D:11     | Identified the amulet of Myephoil {Acrobat Int+4 Dex+4}
  9226 | D:11     | Identified a scroll of acquirement
  9226 | D:11     | Acquired the +0 pair of boots of Lapn {rN+ rCorr Str+2}
  9240 | D:12     | Noticed Fannar
  9249 | D:12     | Reached XP level 12. HP: 91/105 MP: 11/11
  9249 | D:12     | Noticed a stone giant
  9258 | D:12     | Noticed a two-headed ogre
  9261 | D:12     | Noticed a boulder beetle
  9262 | D:12     | Identified the ring "Cunoenui" {Ice rPois rN+ Int-5}
  9264 | D:12     | Killed a two-headed ogre
  9271 | D:12     | Killed a stone giant
  9278 | D:12     | Noticed a fire dragon
  9281 | D:12     | Killed from afar by a gargoyle

Illustrated notes

Levels and vault maps discovered:
D:1:      amcnicky_arrival_blooded_trapdoor, layout_basic,
          shapermc_ecumenical_altar_pompeii, minmay_large_rounded_square,
          minmay_cut_off
D:2:      layout_rooms, serial_shops, nicolae_shop_crystal,
          uniq_crazy_yiuf_cottage
D:3:      layout_loops_ring
D:4:      layout_rooms, mainiacjoe_overflow_six_doors_small, pf_just_have_faith,
          uniq_blork_the_orc
D:5:      layout_rooms, mainiacjoe_overflow_surrounded_room,
          minmay_temple_entry_crystal_x, ebering_ghost_sewer_f,
          nicolae_houndstooth_variations, uniq_menkaure, uniq_sigmund
D:6:      layout_cave_pods, uniq_jeremiah, uniq_maggie
D:7:      layout_rooms, mainiacjoe_overflow_alcove_2, elyvilon_altar_1
D:8:      minmay_blocky_corners, layout_rooms, gammafunk_temple_overflow_statue,
          serial_corexii_hall, chequers_hall_statues_y, corexii_hall_statues_l,
          guppyfry_early_elven_hall
D:9:      layout_gridville, overflow_temple_1_default, hellmonk_lair_entry_icy,
          ebering_dispersal_statue_hall
D:10:     layout_basic, eat_drink_and_be_merry_uskayaw
D:11:     layout_loops_cross, uniq_grum
D:12:     minmay_the_grid_3x2 [minmay_the_grid_tri_star, minmay_the_grid_eight,
          minmay_the_grid_dragon_a, minmay_the_grid_empty,
          minmay_the_grid_small_cups,
          minmay_the_grid_prize_four_corners_diamond_a], layout_rooms,
          orc_0_dummy, uniq_fannar

Skill      XL: |  1  2  3  4  5  6  7  8  9 10 11 |
---------------+----------------------------------+-----
Fighting       | 4 5 6 7 8 9 |  9.8
Axes           | 4 5 6 7 8 10 11 13 14 | 14.6
Stealth        | 1 2 |  2.2
Dodging        | 3 4 6 7 8 |  8.8
Armour         | 3 5 7 9 11 | 11.5
Shields        | 1 3 4 6 8 |  8.4

Action                     |  1- 3 |  4- 6 |  7- 9 | 10-12 || total
---------------------------+-------+-------+-------+-------++-------
  Melee: Hand axe          |    47 |    72 |    66 |       ||   185
         Headbutt          |     7 |    19 |    36 |    48 ||   110
         War axe           |       |       |   112 |   224 ||   336
 Invoke: Trog's Hand       |       |     1 |     7 |     6 ||    14
         Berserk           |       |     1 |     1 |     3 ||     5
    Use: Scroll            |       |       |     3 |    14 ||    17
         Potion            |       |       |       |     1 ||     1
 Armour: Animal skin       |    20 |    21 |       |       ||    41
         Storm dragon scal |       |    19 |   173 |   216 ||   408
  Dodge: Dodged            |    32 |    21 |    66 |    99 ||   218
  Block: Buckler           |       |     8 |    50 |    77 ||   135
